 Dungeon Crawl Stone Soup version 0.29.0-11-gd7f09526c8 (webtiles) character file.

Game seed: 13910579695303733488

60 SensoryNuts the Trooper (level 3, -4/29 HPs)
             Began as a Demonspawn Fighter on Sept 7, 2022.
             Slain by Grinder (6 damage)
             ... on level 3 of the Dungeon.
             The game lasted 00:02:16 (2560 turns).

SensoryNuts the Trooper (Demonspawn Fighter)        Turns: 2560, Time: 00:02:17

Health: -4/29      AC:  7    Str: 16    XL:     3   Next: 80%
Magic:  3/3        EV:  8    Int:  9    God:
Gold:   132        SH:  4    Dex: 14    Spells: 2/2 levels left

rFire   . . .      SeeInvis .   a - +0 long sword
rCold   . . .      Faith    .   c - +0 buckler
rNeg    . . .      Spirit   .   b - +0 scale mail
rPois   .          Reflect  .   (helmet restricted)
rElec   .          Harm     .   (no cloak)
rCorr   .          Rampage  .   (no gloves)
Will    .....                   (no boots)
Stlth   ..........              (no amulet)
HPRegen 0.09/turn               (no ring)
MPRegen 0.08/turn               (no ring)

@: no status effects
A: antennae 1, sharp scales 1
a: no special abilities


You were on level 3 of the Dungeon.
You visited 1 branch of the dungeon, and saw 3 of its levels.

You collected 132 gold pieces.

Inventory:

Hand Weapons
 a - a +0 long sword (weapon)
Armour
 b - a +0 scale mail (worn)
 c - a +0 buckler (worn)
Jewellery
 i - a ring of fire
Scrolls
 f - 2 scrolls of vulnerability
 h - a scroll of fear
Potions
 e - a potion of lignification {unknown}
 j - a potion of attraction
 l - a potion of heal wounds {unknown}
 m - a potion of curing {unknown}
 n - a potion of haste {unknown}


   Skills:
 + Level 3.4 Fighting
 * Level 2.6 Long Blades
 + Level 3.3 Armour
 + Level 0.1 Dodging
 + Level 0.1 Stealth
 + Level 2.8 Shields


You had 2 spell levels left.
You didn't know any spells.
Your spell library was empty.

Dungeon Overview and Level Annotations

Branches:
Dungeon (3/15)

Altars:

Annotations:
D:3 Grinder


Innate Abilities, Weirdness & Mutations

You have a pair of small antennae on your head.
You are partially covered in razor-sharp scales. (AC +1, Slay +1)


Message History

You are too injured to fight recklessly!
You are too injured to fight recklessly!
You are too injured to fight recklessly!
You are too injured to fight recklessly!
You are too injured to fight recklessly!
You are too injured to fight recklessly!
You are too injured to fight recklessly!
You are too injured to fight recklessly!
You are too injured to fight recklessly!
You are too injured to fight recklessly!
You are too injured to fight recklessly!
You are too injured to fight recklessly!
You are too injured to fight recklessly!
You are too injured to fight recklessly!
Grinder is nearby!
Unknown command.
You are too injured to fight recklessly!
There is a stone staircase leading up here.
Grinder completely misses you.
You climb upwards.
There is a stone staircase leading down here.
You completely miss Grinder.
Grinder is lightly wounded.
Grinder hits you.
* * * LOW HITPOINT WARNING * * *
You writhe in agony.
* * * LOW HITPOINT WARNING * * *
You hit Grinder but do no damage.
Grinder is lightly wounded.
Grinder gestures at you. You resist with significant effort.
Grinder hits you but does no damage.
You climb downwards.
There is a stone staircase leading up here.
You hit Grinder.
Grinder is moderately wounded.
Grinder hits you.
* * * LOW HITPOINT WARNING * * *
You writhe in agony.
You die...

##.##....... #..........####
...# ##.............. ...#.
.............### ....<##
#...........#### ........#
#..........###.
......#..#####.............
.................)...#####.
.......รท#5@###..##)........
..................).######<
......##..#.........#####..
.........#..#...##.........
.........#.####.#8.........
......#.........##(........
......#......##.##.........
........#.....#.##.........
......###.##....#8.....####


You could see Grinder.

Vanquished Creatures
  An adder (D:2)
  2 dart slugs (D:1)
  3 orcs (D:3)
  2 bats
  3 endoplasms
  4 giant cockroaches
  5 hobgoblins
  A quokka (D:1)
  2 ball pythons
  4 frilled lizards
  6 goblins
  3 kobolds
  3 rats
39 creatures vanquished.

Notes
Turn   | Place    | Note
-------+----------+-------------------------------------------
     0 | D:1      | SensoryNuts the Demonspawn Fighter began the quest for the
                  | Orb.
     0 | D:1      | Reached XP level 1. HP: 18/18 MP: 1/1
   435 | D:1      | Gained mutation: You are partially covered in razor-sharp
                  | scales. (AC +1, Slay +1) [demonic ancestry]
   435 | D:1      | Reached XP level 2. HP: 22/24 MP: 2/2
  1151 | D:2      | Gained mutation: You have a pair of small antennae on your
                  | head. [demonic ancestry]
  1151 | D:2      | Reached XP level 3. HP: 26/29 MP: 3/3
  2231 | D:3      | Noticed Grinder
  2255 | D:3      | Paralysed by Grinder for 2 turns
  2544 | D:3      | Paralysed by Grinder for 4 turns
  2560 | D:3      | Slain by Grinder

Illustrated notes

Levels and vault maps discovered:
D:1:      spicycebolla_arrival_ecumenical, layout_loops_cross
D:2:      layout_basic, nicolae_figureground_sparkle
D:3:      layout_rooms, serial_corexii_hall, chequers_hall_statues_y,
          corexii_hall_statues_deadend, chequers_hall_statues_wall_a,
          corexii_hall_statues_u, uniq_grinder

Skill      XL: |  1  2 |
---------------+-------+-----
Long Blades    | 2 |  2.6
Armour         | 3 |  3.3
Fighting       | |  3.4
Dodging        | |  0.1
Stealth        | |  0.1
Shields        | |  2.8

Action                   || total
-------------------------++-------
Melee: Long sword        ||   126
  Use: Scroll            ||     5
       Potion            ||     2
Armor: Scale mail        ||    66
Dodge: Dodged            ||    40
Block: Buckler           ||    37
